cohdb
Replays
Latest Replays
All Replays
Popular Replays
Top Player Replays
Match Explorer
How It Works
Community
CoH3 Stats
Reddit
Sign in to upload your games and track your stats! →
Sign in with Steam
Match 47390641
Unlisted
Match 47390641
Overview
Messages
Build Orders
End
Selects Italian Combined Arms Battlegroup
Selects Bersaglieri Squad
Bersaglieri Squad
Kradschützen Motorcycle Team
Bersaglieri Squad
Panzergrenadier Squad
Construct Light Support Kompanie
Fire Support Elements
Flakvierling Half-track
Vehicle Survival Package
Panzerjäger Mechanized Group
Construct Mechanized Kompanie
StuG III D Assault Gun
Marder III Tank Destroyer
Selects Semovente da 75/18 Assault Gun
Selects Strafing Run
Selects Pact of Steel
StuG III D Assault Gun
Assault Mechanized Group
Emergency Repair Kits
Construct Panzerarmee Kommand
Strafing Run
Walking Stuka Rocket Launcher
Marder III Tank Destroyer
Marder III Tank Destroyer
Tomsch
Angrybirds
Kyp Durron
NaseMabi
0
0
Comments
sign in to comment!
No comments posted yet!